 Dungeon Crawl Stone Soup version 0.22.1-1-ga44c0e56f4 (webtiles) character file.

279 Riddle the Covered (level 6, -1/47 HPs)
             Began as a Formicid Monk on Oct 5, 2018.
             Slain by an adder (3 damage)
             ... on level 3 of the Dungeon.
             The game lasted 00:05:43 (3206 turns).

Riddle the Covered (Formicid Monk)                  Turns: 3206, Time: 00:05:43

Health: -1/47      AC: 12    Str: 17    XL:     6   Next: 52%
Magic:  6/6        EV:  7    Int: 14    God:
Gold:   75         SH:  0    Dex: 13    Spells: 5/5 levels left

rFire    . . .     SeeInvis +   g - -1 flail (curse)
rCold    . . .     Gourm    .   (no shield)
rNeg     + . .     Faith    .   p - +1 chain mail {rN+}
rPois    .         Spirit   .   (helmet unavailable)
rElec    .         Reflect  .   o - +0 cloak
rCorr    .         Harm     .   f - +0 pair of gloves
MR       .....                  (no boots)
Stlth    ..........             k - amulet of inaccuracy (curse)
HPRegen  0.15/turn              m - +4 ring of intelligence
MPRegen  0.10/turn              (no ring)

@: lethally poisoned (-1 -> -6), very heavily drained
A: permanent stasis, dig shafts and tunnels, four strong arms, antennae 3
a: Dig, Shaft Self


You were on level 3 of the Dungeon.
You were very hungry.

You visited 1 branch of the dungeon, and saw 4 of its levels.

You collected 75 gold pieces.

Inventory:

Hand Weapons
 g - a cursed -1 flail (weapon)
Armour
 b - a +0 robe
 f - a +0 pair of gloves (worn)
 o - a +0 cloak (worn)
 p - a +1 chain mail of positive energy (worn)
Jewellery
 k - a cursed amulet of inaccuracy (around neck)
 m - a +4 ring of intelligence (left hand)
Wands
 e - a wand of flame (36)
Scrolls
 q - a scroll of teleportation {unknown}
 r - 3 scrolls of remove curse
Potions
 a - a potion of ambrosia {unknown}
 d - 3 potions of heal wounds {unknown}
 h - a potion of curing {unknown}
 j - a potion of might {unknown}
 l - a potion of degeneration {unknown}
 n - a potion of resistance {unknown}
 s - a potion of flight {unknown}
Comestibles
 c - 8 rations


   Skills:
 - Level 3.5(0.3) Fighting
 - Level 3.1(0.0) Maces & Flails
 + Level 6.2(2.8) Armour
 - Level 2.7(0.0) Dodging
 - Level 2.4(0.0) Stealth


You had 5 spell levels left.
You didn't know any spells.
Your spell library was empty.

Dungeon Overview and Level Annotations

Branches:
Dungeon (4/15)
 Temple: D:4-7

Altars:
Ashenzari
Cheibriados
Gozag
Qazlal
Ru
Yredelemnul

Annotations:
D:4 Dowan, Duvessa


Innate Abilities, Weirdness & Mutations

You cannot be hasted, slowed, berserked, paralysed or teleported.
You can dig through walls and to a lower floor.
Your four strong arms can wield two-handed weapons with a shield.
You have a pair of large antennae on your head. (SInv)


Message History

* * * LOW HITPOINT WARNING * * *
You feel sick.
The adder bites you but does no damage. x2
You miss the adder.
The adder is almost dead.
* * * LOW HITPOINT WARNING * * *
You feel sick.
The adder bites you but does no damage. x2
You miss the adder.
The adder is almost dead.
* * * LOW HITPOINT WARNING * * *
You feel sick. The adder bites you but does no damage.
The adder barely misses you.
You miss the adder.
The adder is almost dead.
* * * LOW HITPOINT WARNING * * *
You feel sick. The adder barely misses you. x2
You barely miss the adder.
The adder is almost dead.
* * * LOW HITPOINT WARNING * * *
You feel sick. The adder bites you.
You die...

#######.#####..#...
#..# ##....# #).#
#......
###..#####.#..#.
##.......##.#....
##.............##.
#...........#.....
#..............##.
#@S..........####.
##...........# ##.
#.........#..###..
#.......#.#......#
#...............##
#..<...##....##...
#.........##.#####
#.....#....#.###..
#.....#..[..<....#


You could see an adder.

Vanquished Creatures
  Sigmund (D:2)
  An orc priest (D:3)
  Jessica (D:2)
  3 oozes
  A worm (D:3)
  A dart slug (D:3)
  4 orcs (D:3)
  3 giant cockroaches
  10 goblins
  9 hobgoblins
  3 jackals (D:1)
  5 bats
  4 frilled lizards
  5 kobolds
  4 rats
55 creatures vanquished.

Notes
Turn   | Place    | Note
-------+----------+-------------------------------------------
     0 | D:1      | Riddle the Formicid Monk began the quest for the Orb.
     0 | D:1      | Reached XP level 1. HP: 18/18 MP: 1/1
   203 | D:1      | Reached XP level 2. HP: 23/24 MP: 2/2
   240 | D:1      | Reached skill level 1 in Armour
   487 | D:1      | Reached XP level 3. HP: 24/29 MP: 3/3
   513 | D:1      | Reached skill level 2 in Armour
   895 | D:2      | Noticed Sigmund
  1135 | D:2      | Reached skill level 3 in Armour
  1158 | D:2      | Reached XP level 4. HP: 30/35 MP: 4/4
  1271 | D:2      | Noticed Jessica
  1281 | D:2      | Killed Jessica
  1524 | D:2      | Killed Sigmund
  1524 | D:2      | Reached skill level 5 in Armour
  1524 | D:2      | Reached XP level 5. HP: 25/41 MP: 5/5
  1524 | D:2      | Reached XP level 6. HP: 28/47 MP: 6/6
  1961 | D:3      | Reached skill level 6 in Armour
  2120 | D:3      | Found a faded altar of an unknown god.
  2120 | D:3      | Found a shattered altar of Ashenzari.
  2125 | D:3      | Found a faded altar of an unknown god.
  2127 | D:3      | Found a stormy altar of Qazlal.
  2129 | D:3      | Found a basalt altar of Yredelemnul.
  2181 | D:3      | Found a snail-covered altar of Cheibriados.
  2206 | D:3      | Found a sacrificial altar of Ru.
  2398 | D:3      | Noticed an ogre
  2597 | D:3      | Found an opulent altar of Gozag.
  2767 | D:4      | Noticed Dowan
  2768 | D:4      | Noticed Duvessa
  3206 | D:3      | HP: 2/47 [poisoned by an adder]
  3206 | D:3      | Slain by an adder

Skill      XL: |  1  2  3  4  5  6 |
---------------+-------------------+-----
Armour         | 1 3 5 6 |  6.2
Fighting       | |  3.5
Maces & Flails | |  3.1
Dodging        | |  2.7
Stealth        | |  2.4

Action                   |  1- 3 |  4- 6 || total
-------------------------+-------+-------++-------
Melee: Mace              |    60 |       ||    60
       Short sword       |    47 |    43 ||    90
       Flail             |       |   120 ||   120
       Scythe            |       |    38 ||    38
 Abil: Dig               |       |     2 ||     2
  Use: Scroll            |     1 |     2 ||     3
 Stab: Sleeping          |     7 |       ||     7
  Eat: Chunk             |     1 |     6 ||     7
Armor: Robe              |    25 |    22 ||    47
       Chain mail        |       |    85 ||    85
Dodge: Dodged            |    86 |   139 ||   225
